 Dungeon Crawl Stone Soup version 0.31-a0-845-g9abc20d24f (webtiles) character file.

Game seed: 9489196332208118920

59 avis the Changeling (level 3, 17/17 HPs)
             Began as a Felid Shapeshifter on Oct 1, 2023.
             Got out of the dungeon alive.
             The game lasted 00:09:52 (1237 turns).

avis the Changeling (Felid Shapeshifter)            Turns: 1237, Time: 00:09:53

Health: 17/17      AC:  1    Str: 12    XL:     3   Next: 78%
Magic:  4/4        EV: 17    Int: 11    God:
Gold:   85         SH:  0    Dex: 15    Spells: 2/2 levels left
                                        Lives:  0   Deaths: 1

rFire   . .          .
                       - Unarmed
rCold   . . .        (shield unavailable)
rNeg    . . .        (body armour unavailable)
rPois   .            (helmet unavailable)
rElec   .            (cloak unavailable)
rCorr   .            (gloves unavailable)
SInv    +            (boots unavailable)
Will    .....        (no amulet)
Stlth   ++           (no ring)
HPRegen 0.22/turn    (no ring)
MPRegen 0.09/turn

%: no passive effects
@: beast-form, quick
A: beast (slay +2), very small, claws 1, fangs 3, see invisible, speed 1, shaggy
fur 1, stealthy paws, no weapons or thrown items, no armour, multi-lived
a: Begin Untransformation


You escaped.
You were a hulking beast.
You visited 1 branch of the dungeon, and saw 2 of its levels.

You collected 85 gold pieces.

Inventory:

Talismans
 b - a beast talisman (active)
 c - a flux talisman
Scrolls
 e - 3 scrolls of identify {unknown}
 f - 2 scrolls of teleportation {unknown}
 j - 2 scrolls of blinking {unknown}
Potions
 a - a potion of lignification
 d - a potion of might {unknown}
 g - a potion of brilliance {unknown}
 h - a potion of degeneration {unknown}
 i - a potion of curing {unknown}
 k - a potion of magic {unknown}


   Skills:
 - Level 3.0 Fighting
 * Level 3.0 Dodging
 - Level 2.0 Stealth
 - Level 3.0 Unarmed Combat
 - Level 3.5 Shapeshifting


You had 2 spell levels left.
You didn't know any spells.
Your spell library contained the following spells:

 Spells                   Type           Power      Damage    Failure   Level
 Vhi's Electric Charge    Tloc/Air       0%         N/A       98%         4
 Arcjolt                  Conj/Air       0%         1d10      100%        5
 Maxwell's Capacitive Co  Air            0%         ∞         100%        8


Dungeon Overview and Level Annotations

Branches:
Dungeon (2/15)

Altars:
Ru

Shops:
D:1 ?*=!


Innate Abilities, Weirdness & Mutations

You are a hulking beast.
Your limbs bulge with bestial killing power. (Slay +2)
You have sharp claws.
You have razor-sharp teeth.
You have supernaturally acute eyesight. (SInv)
You cover ground quickly. (Speed+)
You are covered in fur. (AC +1)
Your paws help you pounce on unaware monsters.
You are incapable of wielding weapons or throwing items.
You cannot wear armour.
You gain extra lives every three experience levels.


Message History

You die...
Your shape twists and changes as you die.
You rejoin the land of the living...
Robin and a hobgoblin come into view.
Robin is wielding a +5 spear of flaming.
Robin throws the goblin at you!
The goblin unwields a +0 dagger.
The goblin wields a +0 sling.
The goblin shoots a sling bullet.
The sling bullet barely misses you.
The sling bullet barely misses Robin.
Robin roars a battlecry!
The hobgoblin goes into a battle-frenzy!
The goblin shoots a sling bullet.
The sling bullet hits you.
You claw Robin!
You kill Robin!
The goblin shoots a sling bullet.
The sling bullet closely misses you.
Items here: ) [[ †.
You scratch the hobgoblin.
You kill the hobgoblin!
The goblin shoots a sling bullet.
The sling bullet misses you.
Training target 3.0 for Fighting reached!
Your Fighting skill increases to level 3!
You need to enable at least one skill for training.
The goblin shoots a sling bullet.
The sling bullet closely misses you.
The goblin unwields a +0 sling.
The goblin wields a +0 dagger.
The goblin hits you but does no damage.
You scratch the goblin.
The goblin is heavily wounded.
The goblin hits you with a +0 dagger.
You claw the goblin!
You kill the goblin!
Things that are here:
a +0 dagger; a +0 sling
Items here: ) [[ †.
There is a stone staircase leading up here.
You climb upwards.
There is a stone staircase leading down here.
There is an entrance to Hioxekki's General Store here.
HP restored.
There is a staircase leading out of the dungeon here.
You have escaped!

########.# #.#.# #.###
#........# #.#.# #....
#.#####.## #.#.#
######### #.# #.####
#.#.###.......# #.#
#....# #.#............
#.#
##....###...#########.#
######.#
##.....##..............#
#......#
#.....8.##.#############
##.##### #.#....h##.#
#..........
#.#######.#...8.##.#
#.#########
#........(#....###.#
#..........
#########'#....# #.#
##########. #.........#
#.# #. #......####
#.############. #......#
#...∩.......... #.....##
#......#######.
#.....############..# #.


There were no monsters in sight!

Vanquished Creatures
  Robin (D:2)
  A worm (D:2)
  4 ball pythons
  4 endoplasms (D:1)
  A giant cockroach (D:1)
  5 goblins
  8 hobgoblins
  3 jackals (D:1)
  2 kobolds (D:1)
  5 bats
  2 frilled lizards (D:2)
  A rat (D:1)
37 creatures vanquished.

Notes
Turn   | Place    | Note
-------+----------+-------------------------------------------
     0 | D:1      | avis the Felid Shapeshifter began the quest for the Orb.
     0 | D:1      | Reached XP level 1. HP: 9/9 MP: 2/2
    57 | D:1      | Found Raigut's Magic Scroll Boutique.
   174 | D:1      | Found Ameuwa's Jewellery Shop.
   255 | D:1      | Reached XP level 2. HP: 12/13 MP: 3/3
   259 | D:1      | Found a faded altar of an unknown god.
   285 | D:1      | Reached skill level 1 in Stealth
   415 | D:1      | Found Hioxekki's General Store.
   545 | D:1      | Found Qorghuor's Distillery.
   963 | D:2      | Found a sacrificial altar of Ru.
   998 | D:2      | Reached XP level 3. HP: 16/16 MP: 4/4
  1117 | D:2      | Noticed Robin
  1166 | D:2      | Slain by Robin
  1176 | D:2      | Killed Robin
  1237 | D:$      | Got out of the dungeon alive.

Illustrated notes

Levels and vault maps discovered:
D:1:      mrwooster_arrival_statue, layout_basic, serial_shops,
          nicolae_diamond_shop, nicolae_shop_hallway_stairs, shop, shop,
          chequers_ecumenical_altar_island, chequers_serial_rivers_micro_d
D:2:      layout_rooms, basic_altar, dk_vineyard_1, chequers_avenue, uniq_robin

Skill      XL: |  1  2  3 |
---------------+----------+-----
Fighting       | 2 3 |  3.0
Dodging        | 3 |  3.0
Stealth        | 2 |  2.0
Unarmed Combat | |  3.0
Shapeshifting  | |  3.5

Action                     || total
---------------------------++-------
  Melee: Unarmed           ||    81
         Bite              ||     3
         Punch             ||     2
   Stab: Sleeping          ||     2
 Armour: Skin              ||    27
  Dodge: Dodged            ||    57

Table legend: (Time is in decaauts)
 A = Elapsed time spent in this place.
 B = Non-inter-level travel time spent in this place.
 C = Inter-level travel time spent in this place.
 D = Time resting spent in this place.
 E = Time spent auto-exploring this place.
 F = Levels seen in this place.
 G = Mean time per level.
                   A        B        C        D        E       F      G
               +--------+--------+--------+--------+--------+-----+--------+
         Total |   1038 |    978 |     60 |     93 |    496 |   2 |  519.0 |
       Dungeon |   1038 |    978 |     60 |     93 |    496 |   2 |  519.0 |
               +--------+--------+--------+--------+--------+-----+--------+

Top non-repeatable levels by time:
     D:1: 863 daAuts
     D:2: 174 daAuts
